 Dungeon Crawl Stone Soup version 0.24-a0-292-g5c6fb1c (webtiles) character file.

Game seed: 10175242478842079942

100 theanonym the Chopper (level 4, 0/41 HPs)
             Began as a Minotaur Chaos Knight on May 10, 2019.
             Slain by a gnoll
             ... wielding a +0 halberd
              (14 damage)
             ... on level 4 of the Dungeon.
             The game lasted 00:03:01 (2462 turns).

theanonym the Chopper (Minotaur Chaos Knight)       Turns: 2462, Time: 00:03:02

Health: 0/41       AC:  4    Str: 18    XL:     4   Next: 47%
Magic:  3/3        EV:  7    Int:  7    God:
Gold:   73         SH:  0    Dex:  9    Spells: 3/3 levels left

rFire    . . .     SeeInvis .   a - +0 hand axe (chaos)
rCold    . . .     Gourm    .   (no shield)
rNeg     . . .     Faith    .   i - +0 chain mail
rPois    .         Spirit   .   (helmet restricted)
rElec    .         Reflect  .   (no cloak)
rCorr    .         Harm     .   (no gloves)
MR       .....                  (no boots)
Stlth    ..........             (no amulet)
HPRegen  0.13/turn              (no ring)
MPRegen  0.08/turn              (no ring)

@: confused, lightly drained
A: retaliatory headbutt, horns 2, deformed body, dopey 1, wild magic 1
a: no special abilities


Innate Abilities, Weirdness & Mutations

You reflexively headbutt those who attack you in melee.
You have a pair of horns on your head.
Armour fits poorly on your strangely shaped body.
You are dopey. (Int -2)
Your spells are a little harder to cast, but a little more powerful.


   Skills:
 + Level 4.6(4.1) Fighting
 * Level 5.7(5.1) Axes
 - Level 2.4(1.9) Armour
 - Level 1.1(0.6) Dodging


You had 3 spell levels left.
You didn't know any spells.
Your spell library contained the following spells:

 Spells                   Type           Power        Failure   Level  Hunger
 Animate Skeleton         Necr           N/A          100%        1    ##.....
 Apportation              Tloc           #.....       100%        1    ##.....
 Confusing Touch          Hex            #.....       100%        1    ##.....
 Summon Small Mammal      Summ           #...         100%        1    ##.....

Skill      XL: |  1  2  3 |
---------------+----------+-----
Axes           | 4 5 |  5.7
Fighting       | 4 |  4.6
Armour         | |  2.4
Dodging        | |  1.1

Action                   |  1- 3 |  4- 6 || total
-------------------------+-------+-------++-------
Melee: Hand axe          |   134 |    26 ||   160
       Headbutt          |    14 |     2 ||    16
Invok: Renounce Religion |     1 |       ||     1
  Use: Scroll            |       |     8 ||     8
 Stab: Paralysed         |     2 |       ||     2
       Petrifying        |       |     1 ||     1
       Petrified         |       |     1 ||     1
  Eat: Chunk             |     3 |     1 ||     4
Armor: Leather armour    |    18 |       ||    18
       Chain mail        |    69 |    16 ||    85
Dodge: Dodged            |    56 |    12 ||    68

Inventory:

Hand Weapons
 a - a +0 hand axe of chaos (weapon)
Armour
 b - a +2 leather armour
 i - a +0 chain mail (worn)
Scrolls
 n - 4 scrolls of remove curse
Potions
 c - a potion of agility {unknown}
 f - a potion of might {unknown}
 h - 2 potions of invisibility
 k - a potion of cancellation
 l - a potion of ambrosia
 m - a potion of heal wounds {unknown}
 w - 2 potions of curing
Comestibles
 e - 4 rations


You were on level 4 of the Dungeon.
You were hungry.

You visited 1 branch of the dungeon, and saw 4 of its levels.

You collected 73 gold pieces.

Dungeon Overview and Level Annotations

Branches:
Dungeon (4/15)
 Temple: D:4-7

Altars:
Fedhas
Sif Muna
Uskayaw
Vehumet

Shops:
D:4

= ****,,,,*,,,** *,,,**,,,,,,,,,,
,* *,,,,***,*******,,**,,,,,,,,,,
,* *,,,,,**,*,,,,,*,,**,,,,,>,,,,
,*******,**,,,,,*,*,,**,,,,,,,,,,
,,,* *,,,,,,*,*,**,**,,,,,,,,,,
##+*********,**,*,**,,,,,,,,,,,,,
...,,,,,,* #,,,,*<**,,,,,,,,,,,,,
....,***,* #.#####***,,*,********
≈≈..,* *,###.⌠.⌠@## *,,*,,,*
≈≈≈.,* *......g...# **,,,*,*
≈≈≈≈,***##...⌠.gg.# *,,,*,*
≈≈≈≈,,* #......g.# **,,,,,*****
♣≈≈≈≈,* #..?%....#**,,,,**,,,,*
>≈≈≈≈,* #.........**.#..##,**,*
.≈≈≈≈,* ##........#*.....#,**,**
≈≈≈≈,,* #..!.....#*....>+,*,,,,
≈≈≈≈,** #........#*.....#,,,,*,


You could see 4 gnolls.

Notes
Turn   | Place    | Note
-------+----------+-------------------------------------------
     0 | D:1      | theanonym the Minotaur Chaos Knight began the quest for the
                  | Orb.
     0 | D:1      | Reached XP level 1. HP: 19/19 MP: 0/0
     0 | D:1      | Fell from the grace of Xom
   115 | D:1      | Reached skill level 4 in Axes
   149 | D:1      | Reached XP level 2. HP: 23/27 MP: 1/1
   167 | D:1      | Reached skill level 4 in Fighting
   283 | D:1      | XOM: draining
   841 | D:1      | Reached XP level 3. HP: 32/33 MP: 2/2
  1079 | D:1      | You fall through a shaft!
  1337 | D:2      | Reached skill level 5 in Axes
  1548 | D:2      | XOM: give mutations
  1548 | D:2      | Gained mutation: Your spells are a little harder to cast,
                  | but a little more powerful. [Xom's mischief]
  1548 | D:2      | Gained mutation: You are dopey. (Int -2) [Xom's mischief]
  1548 | D:2      | Gained mutation: Armour fits poorly on your strangely
                  | shaped body. [Xom's mischief]
  1559 | D:2      | Found a radiant altar of Vehumet.
  1777 | D:2      | Found a deep blue altar of Sif Muna.
  1796 | D:2      | Reached XP level 4. HP: 39/41 MP: 3/3
  1939 | D:3      | XOM: 3-stop teleportation journey
  1974 | D:3      | Found a hide-covered altar of Uskayaw.
  2359 | D:4      | Found a blossoming altar of Fedhas.
  2456 | D:4      | Found Xouckouph's Jewellery Shoppe.
  2456 | D:4      | XOM: 1-stop teleportation journey
  2461 | D:4      | HP: 14/41 [gnoll/+0 halberd (12)]
  2462 | D:4      | Slain by a gnoll

Vanquished Creatures
  2 adders
  2 oozes (D:1)
  2 dart slugs
  A leopard gecko (D:1)
  An orc (D:3)
  5 goblins (D:1)
  5 hobgoblins
  10 jackals
  12 kobolds
  3 quokkas (D:2)
  A ball python (D:2)
  11 bats
  6 frilled lizards
  3 rats
64 creatures vanquished.

Table legend:
 A = Turns spent in this place as a percentage of turns spent in the entire game.
 B = Non-inter-level travel turns spent in this place as a percentage of non-inter-level travel turns spent in the entire game.
 C = Inter-level travel turns spent in this place as a percentage of turns spent in this place.
 D = Turns resting spent in this place as a percentage of non-inter-level travel turns spent in this place.
 E = Turns spent auto-exploring this place as a percentage of non-inter-level travel turns spent in this place.
 F = Non-inter-level travel turns spent in this place divided by the number of levels of this place that you've seen.
                   A       B       C       D       E      F
               +-------+-------+-------+-------+-------+----------------------
         Total | 100.0 | 100.0 |   5.4 |   8.0 |  76.6 | 582.0
       Dungeon | 100.0 | 100.0 |   5.4 |   8.0 |  76.6 | 582.0
               +-------+-------+-------+-------+-------+----------------------
